Map: Bel'Shir Vestige LE (Void)

Players

Railgan - Winner!

  • Race: Zerg Zerg
  • League: Grandmaster
  • Spawn Location: 5:00

DIMAGA

  • Race: Zerg Zerg
  • League: Grandmaster
  • Spawn Location: 11:00

VOD

https://www.youtube.com/watch?v=EjL8gtTCKaI

Description

Time

  • Played on: April 14, 2017, 11:55 a.m.
  • Length: 9:22
Show
View Real Time Build Order
Export as new Build Order

Railgan Zerg - Winner!

Build Orders: Hatch First 

Get SALT Encoding   

  12  0:01  Drone  
  13  0:12  Overlord  
  13  0:19  Drone  
  14  0:31  Drone x2  
  14  0:34  Drone  
  17  0:45  Drone  
  18  0:55  Hatchery  
  17  0:58  Drone  
  17  0:59  Extractor  
  17  1:13  Spawning Pool  
  17  1:17  Drone  
  17  1:18  Drone  
  18  1:28  Drone  
  19  1:41  Overlord  
  19  1:51  Drone  
  20  2:00  Queen  
  22  2:01  Zergling x2  
  22  2:06  Queen  
  22  2:07  Drone  
  26  2:14  Drone  
  26  2:15  Metabolic Boost  
  27  2:23  Drone  
  27  2:29  Hatchery  
  27  2:30  Drone  
  28  2:38  Baneling Nest  
  28  2:40  Drone  
  28  2:43  Drone  
  29  2:54  Drone x2  
  29  2:55  Drone  
  29  2:56  Overlord  
  32  3:04  Spore Crawler  
  30  3:08  Drone x2  
  30  3:12  Zergling x6  
  36  3:15  Overlord  
  36  3:20  Drone  
  36  3:21  Drone  
  38  3:28  Drone  
  38  3:29  Roach Warren  
  38  3:31  Baneling x2  
  38  3:33  Drone  
  39  3:36  Zergling x2  
  39  3:38  Extractor  
  39  3:40  Zergling x2  
  40  3:44  Queen  
  40  3:48  Baneling x2  
  42  3:51  Zergling x4  
  42  3:53  Baneling x2  
  44  3:57  Zergling x4  
  45  4:09  Drone x2  
  47  4:16  Drone  
  47  4:17  Drone x4  
  50  4:20  Overlord  
  50  4:21  Overlord  
  50  4:29  Overlord  
  50  4:36  Lair  
  50  4:41  Drone x8  
  50  4:42  Evolution Chamber  
  57  4:48  Roach x2  
  58  4:53  Roach  
  58  4:54  Roach x2  
  58  4:56  Zergling x2  
  58  4:57  Zergling x2  
  65  5:00  Extractor  
  65  5:01  Drone  
  65  5:03  Roach  
  65  5:04  Overlord  
  67  5:07  Drone  
  67  5:08  Drone  
  69  5:17  Drone  
  69  5:18  Drone x4  
  72  5:22  Zerg Missile Weapons Level 1  
  72  5:26  Roach  
  72  5:27  Baneling x2  
  74  5:29  Drone  
  74  5:30  Drone  
  76  5:39  Drone x6  
  76  5:40  Overlord  
  82  5:47  Overlord  
  81  5:51  Overlord  
  81  5:54  Glial Reconstitution, Extractor  
  81  5:55  Extractor  
  81  5:56  Overlord  
  79  5:57  Drone  
  79  5:58  Roach  
  79  5:59  Roach x3  
  87  6:09  Roach x3  
  87  6:11  Overlord  
  93  6:14  Roach x2  
  96  6:18  Overlord  
  96  6:20  Drone  
  96  6:23  Roach x2, Overlord  
  100  6:27  Drone  
  100  6:31  Drone x2  
  103  6:36  Roach  
  103  6:39  Drone  
  106  6:41  Drone x2  
  106  6:42  Drone  
  106  6:43  Overlord  
  106  6:44  Extractor  
  106  6:46  Roach x4  
  116  6:52  Burrow  
  116  6:54  Roach  
  116  6:55  Roach x3  
  116  6:59  Drone x2  
  116  7:00  Hatchery  
  125  7:04  Roach  
  127  7:13  Tunneling Claws  
  127  7:15  Roach  
  127  7:16  Roach x7  
  141  7:23  Roach x2  
  145  7:31  Overlord x2  
  145  7:33  Overlord  
  143  7:44  Roach  
  143  7:47  Roach  
  143  7:48  Roach x3  
  143  7:53  Roach x13  
  143  7:57  Roach x4  
  159  8:00  Roach x3  
  159  8:02  Roach  
  150  8:05  Ravager  
  150  8:07  Roach  
  150  8:12  Roach x2  
  149  8:16  Queen  
  149  8:18  Roach  
  153  8:20  Roach  
  153  8:21  Roach x6  
  153  8:25  Roach x4  
  153  8:26  Roach  
  157  8:29  Roach x3  
  159  8:36  Roach x3  
  159  8:41  Roach  
  161  8:42  Roach  
  161  8:47  Roach x8  
  175  8:49  Roach  
  171  9:01  Roach x4  
Show
View Real Time Build Order
Export as new Build Order

DIMAGA Zerg 

Build Orders: Hatch First 

Get SALT Encoding   

  12  0:01  Drone  
  13  0:12  Overlord  
  13  0:17  Drone  
  14  0:31  Drone x2  
  14  0:34  Drone  
  17  0:52  Hatchery  
  17  0:55  Drone  
  17  0:57  Drone  
  17  1:01  Extractor  
  17  1:12  Spawning Pool  
  17  1:15  Drone  
  17  1:20  Drone  
  18  1:31  Drone  
  19  1:41  Overlord  
  19  1:52  Drone  
  20  1:58  Queen  
  22  2:03  Zergling x2, Queen, Metabolic Boost  
  25  2:09  Drone  
  25  2:12  Drone  
  27  2:16  Drone  
  27  2:22  Drone  
  29  2:33  Zergling x2, Hatchery  
  29  2:38  Drone x2  
  31  2:44  Queen  
  33  2:51  Drone  
  33  2:52  Drone  
  35  3:01  Drone  
  35  3:10  Zergling x2  
  36  3:14  Baneling Nest, Overlord  
  36  3:17  Extractor x2, Spore Crawler  
  36  3:19  Zergling x8  
  39  3:39  Drone x4  
  43  3:44  Overlord  
  43  3:45  Drone x3  
  43  3:48  Extractor  
  45  3:51  Roach Warren  
  45  3:55  Drone x5  
  49  3:56  Drone  
  47  4:15  Zergling x2  
  47  4:16  Zergling x10  
  51  4:19  Drone  
  51  4:21  Queen  
  54  4:26  Zergling x8  
  54  4:28  Overlord  
  58  4:35  Baneling x2  
  58  4:37  Lair  
  58  4:38  Extractor, Roach  
  58  4:43  Baneling  
  58  4:48  Drone  
  58  4:49  Drone x2  
  57  4:56  Drone x6  
  63  5:00  Baneling  
  63  5:05  Drone x3  
  66  5:10  Evolution Chamber  
  66  5:11  Drone  
  66  5:19  Overlord  
  66  5:20  Overlord x3  
  65  5:32  Extractor  
  65  5:34  Extractor  
  63  5:36  Drone x2  
  65  5:48  Drone x5  
  65  5:49  Roach x7  
  83  5:50  Zerg Missile Weapons Level 1  
  83  6:00  Roach x3  
  83  6:01  Roach x3  
  83  6:02  Overlord x3  
  94  6:08  Overlord x2  
  93  6:12  Drone  
  94  6:18  Drone  
  94  6:22  Drone x2  
  95  6:29  Glial Reconstitution  
  95  6:34  Extractor  
  95  6:35  Infestation Pit  
  95  6:36  Drone x3  
  95  6:37  Drone  
  95  6:38  Drone  
  95  6:39  Drone x2  
  100  6:42  Roach x3  
  106  6:49  Ravager x3, Roach x3  
  106  6:50  Ravager  
  116  6:57  Roach x5  
  126  7:04  Roach x3  
  132  7:17  Roach x2  
  132  7:18  Overlord x3  
  132  7:28  Pathogen Glands  
  132  7:33  Hive  
  132  7:34  Burrow  
  128  7:50  Drone x4  
  119  7:52  Drone x6  
  119  7:53  Drone x3  
  112  8:05  Roach  
  112  8:06  Roach x8  
  126  8:19  Overseer, Pneumatized Carapace  
  123  8:20  Overseer, Infestor x2  
  123  8:21  Infestor  
  125  8:31  Overseer  
  125  8:33  Drone x10  
  124  8:45  Queen  
  123  8:48  Roach  
  123  8:49  Roach x4  
  112  8:59  Roach  
Tags
 
Add a new tag
Caveats
  • Supply blocks, unpowered buildings, or Contaminate may cause inaccurate times.
  • Supply counts are checked every 10 seconds.